 Dungeon Crawl Stone Soup version 0.32-a0-898-g7811c86cf0 (webtiles) character file.

Game seed: 8568321429304439868

24 BubbleThief the Sneak (level 2, -2/19 HPs)
             Began as a Vampire Enchanter on Apr 4, 2024.
             Slain by Jessica
             ... wielding a +0 dagger
              (6 damage)
             ... on level 2 of the Dungeon.
             The game lasted 00:01:10 (809 turns).

BubbleThief the Sneak (Vampire Enchanter)            Turns: 809, Time: 00:01:11

Health: -2/19      AC:  2    Str:  7    XL:     2   Next: 79%
Magic:  5/5        EV: 11    Int: 17    God:
Gold:   48         SH:  0    Dex: 14    Spells: 3/5 levels left

rFire   . . .        a - +1 dagger
rCold   . . .        (no shield)
rNeg    . . .        b - +0 robe
rPois   .            (no helmet)
rElec   .            (no cloak)
rCorr   .            (no gloves)
SInv    +            (no boots)
Will    .....        (no amulet)
Stlth   +++          (no ring)
HPRegen 0.43/turn    (no ring)
MPRegen 0.09/turn

%: no passive effects
@: healing quickly
A: alive, fangs 3, see invisible, vampiric 1
a: Exsanguinate


You were on level 2 of the Dungeon.
You visited 1 branch of the dungeon, and saw 2 of its levels.

You collected 48 gold pieces.

Inventory:

Hand Weapons
 a - a +1 dagger (weapon)
Armour
 b - a +0 robe (worn)
Scrolls
 f - a scroll of teleportation {unknown}
 g - 2 scrolls of blinking {unknown}
 h - a scroll of immolation {unknown}
 j - a scroll of amnesia {unknown}
 l - a scroll of noise {unknown}
 m - a scroll of enchant weapon {unknown}
Potions
 c - 2 potions of invisibility
 d - 2 potions of degeneration {unknown}
 e - 2 potions of brilliance {unknown}
 i - a potion of curing {unknown}
 k - 2 potions of mutation {unknown}


   Skills:
 + Level 1.6 Short Blades
 - Level 2.1 Dodging
 * Level 5.2 Stealth
 - Level 2.0 Spellcasting
 * Level 5.1 Hexes


You had 3 spell levels left.
You knew the following spells:

 Your Spells              Type           Power      Damage    Failure   Level
a - Ensorcelled Hibernat  Hex/Ice        20%        N/A       11%         2

Your spell library contained the following spells:

 Spells                   Type           Power      Damage    Failure   Level
 Confusing Touch          Hex            19%        N/A       7%          3
 Tukima's Dance           Hex            19%        N/A       7%          3
 Apportation              Tloc           2%         N/A       19%         1
 Necrotise                Necr           4%         1d4       19%         1
 Sting                    Conj/Alch      4%         1d3       19%         1
 Summon Small Mammal      Summ           4%         N/A       19%         1
 Dazzling Flash           Conj/Hex       20%        N/A       21%         3


Dungeon Overview and Level Annotations

Branches:
Dungeon (2/15)

Altars:

Shops:
D:1 [

Annotations:
D:2 Jessica


Innate Abilities, Weirdness & Mutations

Your natural rate of healing is accelerated.
You have razor-sharp teeth.
You have supernaturally acute eyesight. (SInv)
You are afflicted with vampirism.


Message History

You hit the goblin.
You kill the goblin!
Found 5 gold pieces.
The kobold attacks as it pursues you! The kobold barely misses you.
The kobold attacks as it pursues you! The kobold barely misses you.
You closely miss the kobold. Your bite misses the kobold.
The kobold hits you but does no damage.
You hit the kobold.
The kobold is moderately wounded.
The kobold barely misses you.
You barely miss the kobold. Your bite misses the kobold.
The kobold is moderately wounded.
Jessica casts a spell.
Jessica blinks!
The kobold hits you with a +0 dagger.
You barely miss the kobold.
The kobold is moderately wounded.
The kobold hits you with a +0 dagger.
You hit the kobold.
You kill the kobold!
You hit the quokka.
The quokka is moderately wounded.
The quokka bites you.
You hit the quokka. Your bite misses the quokka.
The quokka is severely wounded.
The quokka barely misses you.
You hit the quokka.
You kill the quokka!
Jessica gestures wildly while chanting.
Jessica seems to speed up.
Jessica hits you with a +0 dagger.
Things that are here:
a +0 dagger; a kobold corpse You closely miss Jessica.
You bite Jessica.
Jessica is moderately wounded.
Jessica hits you with a +0 dagger.
* * * LOW HITPOINT WARNING * * *
You barely miss Jessica.
Jessica is moderately wounded.
Jessica hits you with a +0 dagger.
You die...

... . ##. .... ..#. ...
##..#### ..### ...
###..##:!!##...# #..
.....#....r#...###.# #
#..#r....'..#)#.####..
###..# #@.........$.
.....## ##..##@.......
......#####...##@#####.#
####..........##.#
#.......#..##.#
#....####.###.# #.####
#.# #.. #.# #.# ..# ..#
#># #.# #### .# #.. #..


You could see Jessica (fast).

Vanquished Creatures
  An endoplasm (D:1)
  A giant cockroach (D:1)
  A goblin (D:2)
  3 hobgoblins
  4 jackals (D:1)
  2 quokkas
  2 ball pythons (D:1)
  3 frilled lizards (D:1)
  3 kobolds
  A rat (D:1)
21 creatures vanquished.

Notes
Turn   | Place    | Note
-------+----------+-------------------------------------------
     0 | D:1      | BubbleThief the Vampire Enchanter began the quest for the
                  | Orb.
     0 | D:1      | Reached XP level 1. HP: 13/13 MP: 3/3
   133 | D:1      | Reached XP level 2. HP: 10/19 MP: 5/5
   165 | D:1      | Reached skill level 5 in Stealth
   169 | D:1      | Learned a level 2 spell: Ensorcelled Hibernation
   283 | D:1      | Found Siazxur's Antique Armour Boutique.
   332 | D:1      | Reached skill level 5 in Hexes
   791 | D:2      | Noticed Jessica
   809 | D:2      | Slain by Jessica

Illustrated notes

Levels and vault maps discovered:
D:1:      nicolae_arrival_memento_mori, layout_loops_cross, serial_shops,
          nicolae_shop_just_a_little_nook
D:2:      layout_loops_ring, kennysheep_jessica_study

Skill      XL: |  1  2 |
---------------+-------+-----
Stealth        | 5 |  5.2
Hexes          | 5 |  5.1
Short Blades   | |  1.6
Dodging        | |  2.1
Spellcasting   | |  2.0

Action                     || total
---------------------------++-------
  Melee: Dagger            ||    82
         Bite              ||     5
   Stab: Sleeping          ||     6
 Armour: Robe              ||    50
  Dodge: Dodged            ||    45

Table legend: (Time is in decaauts)
 A = Elapsed time spent in this place.
 B = Non-inter-level travel time spent in this place.
 C = Inter-level travel time spent in this place.
 D = Time resting spent in this place.
 E = Time spent auto-exploring this place.
 F = Levels seen in this place.
 G = Mean time per level.
                   A        B        C        D        E       F      G
               +--------+--------+--------+--------+--------+-----+--------+
         Total |    803 |    761 |     42 |      0 |    586 |   2 |  401.5 |
       Dungeon |    803 |    761 |     42 |      0 |    586 |   2 |  401.5 |
               +--------+--------+--------+--------+--------+-----+--------+

Top non-repeatable levels by time:
     D:1: 760 daAuts
     D:2: 42 daAuts
